General information
- name: BNet
- type: Ladder 1vs1/FFA
- host: Battle.net
- saver: Boogaloo_Shrimp
map: CentaurGrove
- players: 2
- length: 36:42
- speed: Fast
- version: 1.26 W3XP
- replay type: Public
» download(100 KB)
Players
team 1 (loser)
bane (
purple | 28 APM | 1045 actions | 36:40)
4 Blademaster
2 Wind Walk
2 Critical Strike
2 Far Seer
1 Feral Spirit
1 Chain Lighting
» actions
| Assign group hotkey | 4 | |
| Basic commands | 30 | |
| Build / train | 73 | |
| Enter build submenu | 41 | |
| Enter hero's abilities submenu | 6 | |
| Give item / drop item | 2 | |
| Remove unit from queue | 3 | |
| Right click | 387 | |
| Select / deselect | 377 | |
| Select group hotkey | 35 | |
| Use ability | 87 | |
1045 total
» units
| Peon | 16 | |
| Grunt | 2 | |
| Troll Headhunter/Berserker | 15 | |
| Razormane Medicine Man | 2 | |
| Centaur Outrunner | 1 | |
| Harpy Rogue | 1 | |
| Harpy Windwitch | 1 | |
| Goblin Shredder | 1 | |
| Goblin Sapper | 3 | |
| Shaman | 1 | |
| Troll Witch Doctor | 2 | |
45 total
» upgrades
| Spiked Barricades | 3 | |
| Armor | 1 | |
| Troll Regeneration | 1 | |
| Ranged Weapons | 1 | |
| Shaman Training | 2 | |
| Witch Doctor Training | 2 | |
| Berserker Upgrade | 1 | |
| Reinforced Defenses | 1 | |
12 total
» buildings
| Orc Burrow | 8 | |
| Altar of Storms | 1 | |
| Barracks | 2 | |
| Voodoo Lounge | 1 | |
| War Mill | 1 | |
| Watch Tower | 15 | |
| Stronghold | 1 | |
| Great Hall | 6 | |
| Spirit Lodge | 3 | |
| Fortress | 1 | |
39 total
» build order
00:24 Orc Burrow
00:28 Altar of Storms
01:14 Barracks
01:22 Voodoo Lounge
01:43 War Mill
02:01 Orc Burrow
02:59 Watch Tower
03:47 Barracks
04:10 Watch Tower
04:37 Orc Burrow
05:19 Watch Tower
05:24 Stronghold
05:44 Orc Burrow
06:19 Orc Burrow
07:29 Great Hall
07:59 Watch Tower
08:19 Watch Tower
09:49 Great Hall
10:47 Spirit Lodge
10:53 Spirit Lodge
10:58 Watch Tower
12:14 Spirit Lodge
12:44 Fortress
14:27 Great Hall
15:36 Orc Burrow
17:14 Watch Tower
18:41 Watch Tower
20:19 Watch Tower
20:34 Orc Burrow
21:26 Great Hall
22:56 Watch Tower
23:00 Watch Tower
23:04 Watch Tower
23:07 Orc Burrow
23:11 Watch Tower
23:14 Watch Tower
25:49 Great Hall
25:53 Great Hall
25:56 Watch Tower
» items
| Healing Salve | 2 | |
| Lesser Clarity Potion | 1 | |
| Scroll of Speed | 1 | |
| Orb of Lightning | 1 | |
5 total
team 2 (winner)
Boogaloo_Shrimp (
blue | 67 APM | 2466 actions | 36:42)
6 Goblin Alchemist
3 Acid Bomb
2 Chemical Rage
1 Transmute
5 Archmage
2 Blizzard
3 Brilliance Aura
5 Blood Mage
3 Flame Strike
2 Banish
» actions
| Assign group hotkey | 61 | |
| Basic commands | 60 | |
| Build / train | 118 | |
| ESC pressed | 1 | |
| Enter build submenu | 42 | |
| Enter hero's abilities submenu | 17 | |
| Give item / drop item | 15 | |
| Right click | 896 | |
| Select / deselect | 583 | |
| Select group hotkey | 390 | |
| Use ability | 283 | |
2466 total
» units
| Peasant | 18 | |
| Footman | 8 | |
| Goblin Shredder | 1 | |
| Goblin Zeppelin | 3 | |
| Gryphon Rider | 1 | |
| Goblin Sapper | 6 | |
| Sorceress | 3 | |
| Dragonhawk Rider | 1 | |
41 total
» upgrades
| Defend | 1 | |
| Masonry | 3 | |
| Animal War Training | 1 | |
| Swords | 3 | |
| Armor | 3 | |
| Magic Sentry | 1 | |
| Sorceress Training | 2 | |
| Storm Hammers | 1 | |
| Cloud | 1 | |
16 total
» buildings
| Barracks | 1 | |
| Farm | 9 | |
| Altar of Kings | 1 | |
| Lumber Mill | 1 | |
| Scout Tower | 32 | |
| Town Hall | 5 | |
| Arcane Tower | 8 | |
| Guard Tower | 10 | |
| Keep | 1 | |
| Castle | 1 | |
| Arcane Vault | 1 | |
| Blacksmith | 2 | |
| Gryphon Aviary | 3 | |
| Arcane Sanctum | 1 | |
| Workshop | 2 | |
78 total
» build order
00:10 Barracks
00:28 Farm
00:36 Altar of Kings
00:47 Farm
01:41 Farm
03:02 Lumber Mill
03:21 Farm
03:25 Farm
04:13 Scout Tower
04:14 Scout Tower
04:15 Scout Tower
04:16 Scout Tower
04:21 Scout Tower
04:21 Scout Tower
04:47 Town Hall
04:49 Scout Tower
04:50 Scout Tower
04:51 Scout Tower
05:04 Arcane Tower
05:47 Arcane Tower
05:47 Arcane Tower
05:48 Arcane Tower
05:48 Arcane Tower
06:12 Farm
06:13 Guard Tower
06:36 Guard Tower
06:41 Guard Tower
06:43 Scout Tower
06:44 Scout Tower
06:44 Scout Tower
07:21 Farm
07:22 Keep
07:25 Guard Tower
07:27 Guard Tower
08:03 Guard Tower
08:17 Guard Tower
08:59 Scout Tower
08:59 Scout Tower
09:48 Castle
09:52 Guard Tower
09:54 Arcane Vault
10:12 Blacksmith
10:13 Blacksmith
12:28 Gryphon Aviary
12:29 Gryphon Aviary
12:29 Gryphon Aviary
12:34 Arcane Sanctum
14:11 Scout Tower
14:19 Scout Tower
14:36 Farm
14:43 Arcane Tower
16:27 Arcane Tower
17:07 Farm
23:12 Town Hall
23:15 Scout Tower
23:16 Scout Tower
23:16 Scout Tower
23:17 Scout Tower
23:17 Scout Tower
23:18 Scout Tower
23:19 Scout Tower
23:20 Scout Tower
24:14 Guard Tower
25:57 Arcane Tower
28:55 Workshop
28:57 Workshop
29:50 Town Hall
29:57 Town Hall
30:17 Scout Tower
30:20 Scout Tower
30:21 Scout Tower
30:40 Scout Tower
30:43 Scout Tower
31:15 Guard Tower
32:57 Town Hall
33:01 Scout Tower
33:02 Scout Tower
33:02 Scout Tower
» items
| Staff of Teleportation | 1 | |
| Periapt of Vitality | 1 | |
| Boots of Speed | 1 | |
| Potion of Lesser Invulnerability | 1 | |
| Potion of Healing | 6 | |
| Scroll of Regeneration | 3 | |
| Lesser Clarity Potion | 2 | |
| Orb of Fire | 1 | |
| Scroll of Town Portal | 4 | |
| Potion of Mana | 2 | |
22 total
Chat log
(26:55 / All) bane: sorry. i don't play with fags who micro
(26:58 / All) Boogaloo_Shrimp: LMFAO
(27:06 / All) bane: if you wanted the win that bad i'd just have given it to you
(27:07 / All) Boogaloo_Shrimp: worst ragequit excuse ever
(27:07 / All) bane: all
(27:13 / All) bane: all you had to do was ask
(27:16 / All) Boogaloo_Shrimp: so what you're saying is
(27:21 / All) bane: well, if you don't want me to leave is fine
(27:26 / All) bane: clear the board
(27:27 / All) bane: bye
(27:31 / All) Boogaloo_Shrimp: after over 1500 games you never learned how to play
(27:35 / All) Boogaloo_Shrimp: and you cry about people who do?
(27:36 / All) Boogaloo_Shrimp: LOL
(27:45 / All) Boogaloo_Shrimp: god this was a funny win
(28:35 / All) Boogaloo_Shrimp: hilariously bad zerker massing
(28:50 / All) Boogaloo_Shrimp: whats funny is i wasnt playing to win
(29:43 / All) Boogaloo_Shrimp: not even over 50 food
(36:28 / All) Boogaloo_Shrimp: funny thing is i was just gonna perch the corner and let you take control of the map
(36:35 / All) Boogaloo_Shrimp: but you couldnt even do that with a mass of zerkers
(36:36 / All) Boogaloo_Shrimp: lol